 Dungeon Crawl Stone Soup version 0.18-b1-22-ge198996 (webtiles) character file.

73 graki42 the Covered (level 4, -10/31 HPs)
             Began as a Halfling Fighter on May 5, 2016.
             Killed by divine providence
             ... invoked by an orc priest
              (14 damage)
             ... on level 3 of the Dungeon.
             The game lasted 00:03:36 (1948 turns).

graki42 the Covered (Halfling Fighter)              Turns: 1948, Time: 00:03:36

Health: -10/31     AC:  8    Str: 17    XL:     4   Next: 51%
Magic:  4/4        EV:  9    Int:  7    God:
Gold:   80         SH:  9    Dex: 13    Spells: 0 memorised, 3 levels left

rFire  . . .     SeeInvis .     a - +0 rapier
rCold  . . .     Gourm    .     b - +0 scale mail
rNeg   . . .     Faith    .     c - +0 shield
rPois  +         Spirit   .     (no helmet)
rElec  .         Dismiss  .     h - +0 cloak (curse)
rCorr  .         Reflect  .     (no gloves)
SustAt .         Harm     .     (no boots)
MR     .....                    (no amulet)
Stlth  ..........               (no ring)
                                p - ring of poison resistance

@: not resistant to hostile enchantments, extremely unstealthy
A: mutation resistance 1
a: no special abilities


You were on level 3 of the Dungeon.
You were hungry.

You visited 1 branch of the dungeon, and saw 3 of its levels.

You collected 80 gold pieces.

Inventory:

Hand Weapons
 a - a +0 rapier (weapon)
Armour
 b - a +0 scale mail (worn)
 c - a +0 shield (worn)
 h - a cursed +0 cloak (worn)
Jewellery
 p - a ring of poison resistance (left hand)
Scrolls
 g - 3 scrolls of amnesia {unknown}
 i - a scroll of enchant armour {unknown}
 k - 2 scrolls of identify {unknown}
 l - 7 scrolls of remove curse {unknown}
 s - a scroll of magic mapping {unknown}
Potions
 d - a potion of might
 e - a potion of magic {unknown}
 j - 5 potions of curing {unknown}
 m - 2 potions of heal wounds {unknown}
 n - a potion of agility {unknown}
 r - a potion of lignification {unknown}
Books
 q - a book of Minor Magic

   Spells                             Type                      Level
   a - Magic Dart                     Conjuration                  1
   b - Blink                          Translocation                2
   c - Call Imp                       Summoning                    2
   d - Repel Missiles                 Charms/Air                   2
   e - Slow                           Hexes                        2
   f - Conjure Flame                  Conjuration/Fire             3
   g - Mephitic Cloud                 Conjuration/Poison/Air       3
Comestibles
 f - a bread ration
 o - 4 fruits
 t - a royal jelly


   Skills:
 + Level 3.0 Fighting
 + Level 3.1 Short Blades
 + Level 4.4 Armour
 + Level 0.9 Dodging
 + Level 3.7 Shields


You had 3 spell levels left.
You didn't know any spells.

Dungeon Overview and Level Annotations

Branches:
Dungeon (3/15)

Altars:
Fedhas


Innate Abilities, Weirdness & Mutations

You are small and have problems with some larger weapons.
You are somewhat resistant to further mutation.


Message History

You hit the orc priest but do no damage.
The orc priest is heavily wounded.
The orc priest hits you but does no damage.
You closely miss the orc priest.
The orc priest is heavily wounded.
The orc priest hits you with a war axe!
* * * LOW HITPOINT WARNING * * *
Your shield and scale mail prevent you from hitting the orc priest.
The orc priest is heavily wounded.
The orc priest closely misses you.
You barely miss the orc priest.
The orc priest is heavily wounded.
The orc priest hits you with a war axe.
* * * LOW HITPOINT WARNING * * *
You are feeling hungry.
You hit the orc priest but do no damage.
The orc priest is heavily wounded.
The orc priest mumbles some strange prayers to Beogh against you.
Beogh smites you!
You die...

#....?.# #......# ##+##+###
#......# ........# #......#
........# #......#
........# ##### #......##.#
##'##'### #...# #.........#
#.##.######.#.###.....####.
#.##...........@oo....#
#.######+####.###.....#
##.......<.....# #.....#
...............# #.....#
...............# ##...##
...............# #...#
######........#.. .....
#........#>. ....#
##########


You could see an orc priest and an orc.

Vanquished Creatures
  3 adders (D:2)
  An ooze (D:2)
  2 dart slugs
  3 giant geckos
  2 orcs (D:3)
  5 bats
  2 goblins
  5 hobgoblins
  2 jackals (D:1)
  2 giant newts (D:1)
  3 kobolds (D:1)
  3 rats
33 creatures vanquished.

Notes
Turn   | Place    | Note
--------------------------------------------------------------
     0 | D:1      | graki42 the Halfling Fighter began the quest for the Orb.
     0 | D:1      | Reached XP level 1. HP: 15/15 MP: 1/1
   146 | D:1      | Reached XP level 2. HP: 13/20 MP: 2/2
   723 | D:1      | Reached skill level 4 in Armour
   831 | D:1      | Reached XP level 3. HP: 25/25 MP: 3/3
  1449 | D:2      | Found a blossoming altar of Fedhas.
  1546 | D:2      | Reached XP level 4. HP: 29/31 MP: 4/4
  1948 | D:3      | Killed from afar by an orc priest

Skill      XL: |  1  2  3 |
---------------+----------+-----
Armour         | 4 |  4.4
Fighting       | 3 |  3.0
Short Blades   | 3 |  3.1
Dodging        | |  0.9
Shields        | |  3.7

Action                   |  1- 3 |  4- 6 || total
-------------------------+-------+-------++-------
Melee: Rapier            |   104 |    59 ||   163
  Eat: Chunk             |     2 |     1 ||     3
Armor: Scale mail        |    31 |    21 ||    52
Dodge: Dodged            |    26 |    16 ||    42
Block: Shield            |    52 |    37 ||    89
